 Dungeon Crawl Stone Soup version 0.31-a0-1227-g0136665373 (webtiles) character file.

Game seed: 2039061310639835891

55 DApurpleWHUMPUS the Changeling (level 3, 0/27 HPs)
             Began as a Merfolk Shapeshifter on Dec 14, 2023.
             Slain by a goblin
             ... wielding a +0 dagger
             ... led by Robin
              (2 damage)
             ... on level 2 of the Dungeon.
             The game lasted 00:01:21 (1023 turns).

DApurpleWHUMPUS the Changeling (MfSh)               Turns: 1023, Time: 00:01:21

Health: 0/27       AC:  2    Str: 20    XL:     3   Next: 93%
Magic:  3/3        EV: 13    Int: 11    God:
Gold:   124        SH:  0    Dex: 13    Spells: 2/2 levels left

rFire   x .          .
                       - Unarmed
rCold   + . .        (no shield)
rNeg    . . .        a - +0 animal skin
rPois   .            (helmet currently unavailable)
rElec   .            (cloak currently unavailable)
rCorr   .            (gloves currently unavailable)
SInv    .            (boots currently unavailable)
Will    .....        (no amulet)
Stlth   +            g - ring of ice
HPRegen 0.24/turn    j - +6 ring of strength
MPRegen 0.08/turn

%: no passive effects
@: mighty, beast-form
A: beast (slay +2), (nimble swimmer 2), mertail
a: Begin Untransformation


You were on level 2 of the Dungeon.
You were a hulking beast.
You visited 1 branch of the dungeon, and saw 2 of its levels.

You collected 124 gold pieces.

Inventory:

Armour
 a - a +0 animal skin (worn)
Jewellery
 g - a ring of ice (left hand)
 j - a +6 ring of strength (right hand)
Talismans
 c - a beast talisman
 d - a flux talisman
Scrolls
 e - a scroll of noise {unknown}
 f - a scroll of identify {unknown}
 h - a scroll of vulnerability {unknown}
 i - a scroll of silence {unknown}
Potions
 b - a potion of lignification
 k - a potion of haste {unknown}


   Skills:
 * Level 2.1 Fighting
 * Level 3.6 Dodging
 * Level 3.8 Unarmed Combat
 * Level 4.5 Shapeshifting


You had 2 spell levels left.
You didn't know any spells.
Your spell library contained the following spells:

 Spells                   Type           Power      Damage    Failure   Level
 Summon Small Mammal      Summ           0%         N/A       34%         1
 Ensorcelled Hibernation  Hex/Ice        0%         N/A       47%         2
 Jinxbite                 Hex            0%         N/A       47%         2
 Call Canine Familiar     Summ           0%         N/A       71%         3
 Summon Guardian Golem    Hex/Summ       0%         N/A       71%         3
 Anguish                  Hex/Necr       0%         N/A       98%         4


Dungeon Overview and Level Annotations

Branches:
Dungeon (2/15)

Altars:


Innate Abilities, Weirdness & Mutations

You are a hulking beast.
Your limbs bulge with bestial killing power. (Slay +2)
((You are very nimble when in or above water. (Stealth+, EV+, Speed+++)))
Your lower body shifts to a powerful aquatic tail in water.


Message History

Things that are here:
a +0 club; a giant cockroach corpse You barely miss the goblin.
The goblin hits you with a +0 club.
You punch the kobold!
You kill the kobold!
The goblin hits you with a +0 club.
You hit the goblin.
You kill the goblin!
Robin of the Strong Arm comes into view.
They are wielding a +0 short sword.
Found a bubbling purple potion.
Robin roars a battlecry!
The hobgoblin goes into a battle-frenzy!
The hobgoblin closely misses you.
Things that are here:
a +0 club; a goblin corpse You hit the hobgoblin but do no damage.
Robin throws the goblin at you! The goblin hits you with a dagger.
The hobgoblin barely misses you.
You hit the goblin.
The goblin is severely wounded.
The goblin hits you with a +0 dagger. The hobgoblin hits you.
You are too injured to fight recklessly!
It was a potion of might.
You feel very mighty all of a sudden. The goblin barely misses you.
The hobgoblin closely misses you.
Okay, then.
A goblin comes into view. It is wielding a +0 club.
Robin hits you with a +0 short sword.
* * * LOW HITPOINT WARNING * * *
The hobgoblin barely misses you.
You punch Robin!
You kill Robin!
The hobgoblin closely misses you. The goblin barely misses you.
You completely miss the hobgoblin. The hobgoblin closely misses you.
The goblin hits you with a +0 dagger.
* * * LOW HITPOINT WARNING * * *
You closely miss the hobgoblin. The hobgoblin misses you.
The goblin hits you with a +0 club.
* * * LOW HITPOINT WARNING * * *
The goblin hits you with a +0 dagger.
You die...

### # ..# . ..# .# ..#
#######.#### ###
##..........#
############.).$gg......
.........##...)gh.......
########......†.........
# ####............. #
#.............
#.............
##............
##.........!#
############


You could see a hobgoblin (strong) and 2 goblins.

Vanquished Creatures
  Robin (D:2)
  A worm (D:2)
  4 ball pythons
  8 bats
  2 endoplasms (D:1)
  3 giant cockroaches
  5 goblins
  4 hobgoblins
  2 quokkas
  2 frilled lizards
  A kobold (D:2)
  8 rats
41 creatures vanquished.

Notes
Turn   | Place    | Note
-------+----------+-------------------------------------------
     0 | D:1      | DApurpleWHUMPUS the Merfolk Shapeshifter began the quest
                  | for the Orb.
     0 | D:1      | Reached XP level 1. HP: 15/15 MP: 1/1
   127 | D:1      | Reached XP level 2. HP: 19/21 MP: 2/2
   658 | D:2      | Reached XP level 3. HP: 27/27 MP: 3/3
  1015 | D:2      | Noticed Robin
  1021 | D:2      | Killed Robin
  1023 | D:2      | Slain by a goblin

Illustrated notes

Levels and vault maps discovered:
D:1:      tarquinn_simple_flora_water_f, layout_loops_ring, item_on_display_a
D:2:      layout_rooms, basic_altar, uniq_robin, uniq_jessica

Skill      XL: |  1  2  3 |
---------------+----------+-----
Dodging        | 3 |  3.6
Fighting       | 2 |  2.1
Unarmed Combat | |  3.8
Shapeshifting  | |  4.5

Action                     || total
---------------------------++-------
  Melee: Unarmed           ||    89
         Punch             ||     3
    Use: Potion            ||     1
   Stab: Sleeping          ||     1
 Armour: Animal skin       ||    43
  Dodge: Dodged            ||    69

Table legend: (Time is in decaauts)
 A = Elapsed time spent in this place.
 B = Non-inter-level travel time spent in this place.
 C = Inter-level travel time spent in this place.
 D = Time resting spent in this place.
 E = Time spent auto-exploring this place.
 F = Levels seen in this place.
 G = Mean time per level.
                   A        B        C        D        E       F      G
               +--------+--------+--------+--------+--------+-----+--------+
         Total |   1016 |    993 |     23 |    148 |    642 |   2 |  508.0 |
       Dungeon |   1016 |    993 |     23 |    148 |    642 |   2 |  508.0 |
               +--------+--------+--------+--------+--------+-----+--------+

Top non-repeatable levels by time:
     D:1: 651 daAuts
     D:2: 364 daAuts
